 Dungeon Crawl Stone Soup version 0.21.0-3-g78d12a8 (webtiles) character file.

151 mopl the Sneak (level 5, -8/28 HPs)
             Began as a Tengu Enchanter on Jan 11, 2018.
             Mangled by an orc
             ... wielding a +0 trident
              (10 damage)
             ... on level 3 of the Dungeon.
             The game lasted 00:08:15 (5330 turns).

mopl the Sneak (Tengu Enchanter)                    Turns: 5330, Time: 00:08:16

Health: -8/28      AC:  2    Str:  9    XL:     5   Next: 33%
Magic:  0/10       EV: 13    Int: 15    God:
Gold:   169        SH:  0    Dex: 15    Spells: 3/9 levels left

rFire    . . .     SeeInvis .   a - +1 dagger
rCold    . . .     Gourm    +   (no shield)
rNeg     . . .     Faith    .   t - +0 robe
rPois    .         Spirit   .   (helmet restricted)
rElec    .         Reflect  .   (no cloak)
rCorr    .         Harm     .   (no gloves)
MR       +....                  (boots unavailable)
Stlth    +++.......             p - amulet of the gourmand
HPRegen  0.09/turn              h - ring of protection from magic
MPRegen  0.12/turn              (no ring)

@: very slightly contaminated, slowed, very slow
A: beak, talons 3, able to fly 1
a: Fly


You were on level 3 of the Dungeon.
You were very full.

You visited 1 branch of the dungeon, and saw 4 of its levels.

You collected 169 gold pieces.

Inventory:

Hand Weapons
 a - a +1 dagger (weapon)
 b - a +0 blowgun
 u - a +0 rapier
Missiles
 i - 3 javelins (quivered)
 o - 5 poisoned needles
Armour
 q - a +0 large shield
 t - a +0 robe (worn)
Jewellery
 h - a ring of protection from magic (left hand)
 p - an amulet of the gourmand (around neck)
 s - an uncursed ring of fire
Wands
 x - a wand of iceblast (4)
Scrolls
 f - 2 scrolls of identify {unknown}
 j - 5 scrolls of remove curse
 k - a scroll of enchant armour {unknown}
 l - a scroll of noise {unknown}
 m - a scroll of teleportation {unknown}
 v - a scroll of random uselessness {unknown}
 y - a scroll of amnesia {unknown}
Potions
 e - a potion of flight {unknown}
 g - 2 potions of degeneration {unknown}
 n - 3 potions of curing {unknown}
 r - a potion of heal wounds {unknown}
 w - a potion of might {unknown}
Books
 c - a book of Maledictions

   Spells                             Type                      Level
   a - Corona                         Hexes                        1
   b - Ensorcelled Hibernation        Hexes/Ice                    2
   c - Confuse                        Hexes                        3
   d - Tukima's Dance                 Hexes                        3
   e - Dazzling Spray                 Conjuration/Hexes            3
Comestibles
 d - 5 rations


   Skills:
 + Level 2.0 Short Blades
 - Level 2.1 Dodging
 * Level 4.2 Stealth
 + Level 2.6 Spellcasting
 * Level 3.0 Hexes
 + Level 1.1 Ice Magic


You had 3 spell levels left.
You knew the following spells:

 Your Spells              Type           Power        Failure   Level  Hunger
a - Corona                Hex            ##.....      6%          1    #......
b - Ensorcelled Hibernat  Hex/Ice        #.....       13%         2    ##.....
c - Confuse               Hex            ##......     19%         3    ###....


Dungeon Overview and Level Annotations

Branches:
Dungeon (4/15)
 Temple: D:4-7

Altars:
Cheibriados
Xom
Zin
The Shining One

Annotations:
D:3 Nattefrost's ghost, amateur CeMo


Innate Abilities, Weirdness & Mutations

You have a beak for a mouth.
You have claws for feet.
You can fly.


Message History

Aim: an orc, wielding a trident (chance to defeat MR: 57%)
You miscast Ensorcelled Hibernation.
Nothing appears to happen.
The orc hits you but does no damage.
Unknown command.
Casting: Ensorcelled Hibernation
Confirm with . or Enter, or press ? or * to list all spells.
Aiming: Ensorcelled Hibernation
Press: ? - help, Shift-Dir - straight line, f/p - orc
Aim: an orc, wielding a trident (chance to defeat MR: 57%)
The orc resists with significant effort.
The orc hits you with a trident.
* * * LOW HITPOINT WARNING * * *
Casting: Ensorcelled Hibernation
Confirm with . or Enter, or press ? or * to list all spells.
Aiming: Ensorcelled Hibernation
Press: ? - help, Shift-Dir - straight line, f/p - orc
Aim: an orc, wielding a trident (chance to defeat MR: 57%)
You miscast Ensorcelled Hibernation.
Nothing appears to happen.
The orc hits you with a trident!
You die...

#...##########
###..........#.#
#.......####.#.#
#.#..##.# ##.#.####
#.#..##.###.....).#
#.#......##.....S.
#>##.##..##.......
#.##.....((..# #
#...@o...##(###.#
########(.......#
####.##### #...
#####


You could see an orc.

Vanquished Creatures
  Jessica (D:2)
  Robin (D:4)
  3 adders
  2 dart slugs
  4 leopard geckos
  2 orcs
  3 giant cockroaches
  15 goblins
  7 hobgoblins
  9 jackals
  A quokka (D:3)
  5 bats
  7 frilled lizards
  A jackal skeleton (D:4)
  6 kobolds
  A quokka skeleton (D:4)
  5 rats
73 creatures vanquished.

Vanquished Creatures (others)
  11 toadstools (D:4)
11 creatures vanquished.

Grand Total: 84 creatures vanquished

Notes
Turn   | Place    | Note
-------+----------+-------------------------------------------
     0 | D:1      | mopl the Tengu Enchanter began the quest for the Orb.
     0 | D:1      | Reached XP level 1. HP: 10/10 MP: 4/4
   144 | D:1      | Reached XP level 2. HP: 15/15 MP: 4/6
   148 | D:1      | Learned a level 2 spell: Ensorcelled Hibernation
   749 | D:2      | Reached XP level 3. HP: 19/19 MP: 7/7
   754 | D:2      | Learned a level 3 spell: Confuse
   799 | D:2      | Noticed Jessica
   811 | D:2      | Killed Jessica
  1114 | D:2      | Reached XP level 4. HP: 8/24 MP: 1/8
  1315 | D:2      | Found a snail-covered altar of Cheibriados.
  1317 | D:2      | Found a glowing silver altar of Zin.
  1586 | D:2      | Found a glowing golden altar of the Shining One.
  2445 | D:3      | Found a faded altar of an unknown god.
  2457 | D:3      | Became a worshipper of Xom of Chaos
  2458 | D:3      | Fell from the grace of Xom
  2790 | D:3      | Reached skill level 4 in Stealth
  2790 | D:3      | Reached skill level 1 in Ice Magic
  2817 | D:3      | Noticed Nattefrost's ghost (amateur CeMo)
  4641 | D:4      | Gained mutation: You can fly. [Tengu growth]
  4641 | D:4      | Reached XP level 5. HP: 28/28 MP: 9/9
  4726 | D:4      | Noticed Robin
  4760 | D:4      | Killed Robin
  4760 | D:4      | Reached skill level 2 in Short Blades
  4760 | D:4      | Reached skill level 3 in Hexes
  4806 | D:4      | glosham: I just got my first win with Xom.
  4807 | D:4      | mopl: gg
  4807 | D:4      | mopl: I'm struggling so hard this time
  4807 | D:4      | mopl: not enought time to play :p
  4815 | D:4      | HP: 1/28 [goblin[Robin] (3)]
  4816 | D:4      | glosham: Wish you all the best.
  4827 | D:4      | mopl: ty
  5323 | D:2      | XOM: scenery: 1 doors close
  5330 | D:3      | Mangled by an orc

Skill      XL: |  1  2  3  4  5 |
---------------+----------------+-----
Stealth        | 4 |  4.2
Ice Magic      | 1 |  1.1
Short Blades   | 2 |  2.0
Hexes          | 3 |  3.0
Dodging        | |  2.1
Spellcasting   | |  2.6

Action                   |  1- 3 |  4- 6 || total
-------------------------+-------+-------++-------
Melee: Dagger            |    67 |   134 ||   201
       Peck              |    14 |    19 ||    33
       Kick              |    10 |    30 ||    40
 Cast: Corona            |     4 |       ||     4
       Ensorcelled Hiber |     8 |    32 ||    40
       Confuse           |     1 |    15 ||    16
Invok: Renounce Religion |       |     1 ||     1
 Abil: Fly               |       |     1 ||     1
  Use: Scroll            |       |     1 ||     1
 Stab: Sleeping          |     7 |    19 ||    26
       Distracted        |     1 |       ||     1
       Confused          |       |     5 ||     5
  Eat: Chunk             |     1 |    28 ||    29
Armor: Robe              |     6 |    26 ||    32
Dodge: Dodged            |    32 |   107 ||   139
